3A
HOGSMEADE CAULDRONS @ KENNESAW JETS
05/02/2021
 
TOP OF THE 1ST
Hogsmeade Cauldrons batting - Pitching for Kennesaw Jets : RHP Claudio Díaz
Pitching: RHP Claudio Díaz
Batting: SHB Emílio Gonzáles 0-0: Ball
1-0: Called Strike
1-1: Called Strike
1-2: Strikes out swinging
Batting: RHB Héctor Cantú 0-0: Ball
1-0: Ball
2-0: Ball
3-0: Called Strike
3-1: Ground out 6-3 (Groundball, 6)
Batting: SHB Fernando Sánchez 0-0: Ball
1-0: Ball
2-0: Swinging Strike
2-1: Foul Ball, location: 2F
2-2: Ground out U3 (Groundball, 3)
Top of the 1st over - 0 run(s), 0 hit(s), 0 error(s), 0 left on base; Hogsmeade 0 - Kennesaw 0
BOTTOM OF THE 1ST
Kennesaw Jets batting - Pitching for Hogsmeade Cauldrons : RHP Juan Cantú
Pitching: RHP Juan Cantú
Batting: RHB Miguel Angel González 0-0: Ball
1-0: Ball
2-0: Ball
3-0: Base on Balls
Batting: RHB Juan Sandoval 0-0: Ball
1-0: Grounds into double play, 4-6-3 (Groundball, 4)
Batting: RHB José Ramos 0-0: Called Strike
0-1: Ball
1-1: Ball
2-1: Reached on error, E5 (Groundball, 5S)
Batting: RHB Abdul-Fattah bin Najjar 0-0: Ball
1-0: Called Strike
1-1: Called Strike
1-2: Strikes out swinging
Bottom of the 1st over - 0 run(s), 0 hit(s), 1 error(s), 1 left on base; Hogsmeade 0 - Kennesaw 0
TOP OF THE 2ND
Hogsmeade Cauldrons batting - Pitching for Kennesaw Jets : RHP Claudio Díaz
Batting: RHB Raúl Reyna 0-0: Ground out 4-3 (Groundball, 4M)
Batting: RHB Ernesto Souza 0-0: Swinging Strike
0-1: Fly out, F6 (Popup, 6D)
Batting: RHB Reynaldo Pérez 0-0: Ball
1-0: Ball
2-0: Called Strike
2-1: Foul Ball, location: 2F
2-2: Ball
3-2: Strikes out swinging
Top of the 2nd over - 0 run(s), 0 hit(s), 0 error(s), 0 left on base; Hogsmeade 0 - Kennesaw 0
BOTTOM OF THE 2ND
Kennesaw Jets batting - Pitching for Hogsmeade Cauldrons : RHP Juan Cantú
Batting: RHB Andrés Sánchez 0-0: Foul Ball, location: 2F
0-1: Ball
1-1: Ball
2-1: Ball
3-1: Called Strike
3-2: Base on Balls
Batting: RHB Raúl Javier Jr. 0-0: Fly out, F7 (Flyball, 7D)
Batting: RHB Carlos Ávila 0-0: Called Strike
0-1: Grounds into double play, 6-4-3 (Groundball, 6)
Bottom of the 2nd over - 0 run(s), 0 hit(s), 0 error(s), 0 left on base; Hogsmeade 0 - Kennesaw 0
TOP OF THE 3RD
Hogsmeade Cauldrons batting - Pitching for Kennesaw Jets : RHP Claudio Díaz
Batting: RHB Miguel Torres 0-0: Called Strike
0-1: Ground out 5-3 (Groundball, 5S)
Batting: RHB Jim Unknown 0-0: Swinging Strike
0-1: Swinging Strike
0-2: Ball
1-2: Ball
2-2: Strikes out looking
Batting: SHB Arturo Romero 0-0: Ball
1-0: Called Strike
1-1: Ground out 6-3 (Groundball, 6)
Top of the 3rd over - 0 run(s), 0 hit(s), 0 error(s), 0 left on base; Hogsmeade 0 - Kennesaw 0
BOTTOM OF THE 3RD
Kennesaw Jets batting - Pitching for Hogsmeade Cauldrons : RHP Juan Cantú
Batting: LHB Jim Unknown 0-0: Foul Ball, location: 2F
0-1: Foul Ball, location: 2F
0-2: Ball
1-2: Foul Ball, location: 2F
1-2: Ball
2-2: Strikes out swinging
Batting: LHB Jim Unknown 0-0: Swinging Strike
0-1: Ground out 4-3 (Groundball, 4)
Batting: RHB Miguel Angel González 0-0: Ball
1-0: Swinging Strike
1-1: Ground out 1-3 (Groundball, 15S)
Bottom of the 3rd over - 0 run(s), 0 hit(s), 0 error(s), 0 left on base; Hogsmeade 0 - Kennesaw 0
TOP OF THE 4TH
Hogsmeade Cauldrons batting - Pitching for Kennesaw Jets : RHP Claudio Díaz
Batting: SHB Emílio Gonzáles 0-0: Ball
1-0: SINGLE (Groundball, 3D)
Batting: RHB Héctor Cantú 0-0: Ball
1-0: Fly out, F8 (Flyball, 8RS)
Batting: SHB Fernando Sánchez 0-0: Called Strike
0-1: Called Strike
Emílio Gonzáles steals 2nd base
0-2: Ball
1-2: Strikes out looking
Batting: RHB Raúl Reyna 0-0: Foul Ball, location: 2F
0-1: Ball
Wild Pitch!
Emílio Gonzáles to third
1-1: Ball
2-1: Fly out, F6 (Popup, 6D)
Top of the 4th over - 0 run(s), 1 hit(s), 0 error(s), 1 left on base; Hogsmeade 0 - Kennesaw 0
BOTTOM OF THE 4TH
Kennesaw Jets batting - Pitching for Hogsmeade Cauldrons : RHP Juan Cantú
Batting: RHB Juan Sandoval 0-0: Fly out, F7 (Flyball, 78M)
Batting: RHB José Ramos 0-0: Ball
1-0: Called Strike
1-1: Ball
2-1: Foul Ball, location: 2F
2-2: Fly out, F8 (Flyball, 78M)
Batting: RHB Abdul-Fattah bin Najjar 0-0: Ball
1-0: Fly out, F5 (Line Drive, 5)
Bottom of the 4th over - 0 run(s), 0 hit(s), 0 error(s), 0 left on base; Hogsmeade 0 - Kennesaw 0
TOP OF THE 5TH
Hogsmeade Cauldrons batting - Pitching for Kennesaw Jets : RHP Claudio Díaz
Batting: RHB Ernesto Souza 0-0: Called Strike
0-1: Called Strike
0-2: Ball
1-2: Foul Ball, location: 2F
1-2: Ball
2-2: Strikes out swinging
Batting: RHB Reynaldo Pérez 0-0: Called Strike
0-1: Ball
1-1: Foul Ball, location: 2F
1-2: Ball
2-2: Strikes out looking
Batting: RHB Miguel Torres 0-0: Ball
1-0: Foul Ball, location: 2F
1-1: Ball
2-1: Ball
3-1: Fly out, F4 (Popup, 4D)
Top of the 5th over - 0 run(s), 0 hit(s), 0 error(s), 0 left on base; Hogsmeade 0 - Kennesaw 0
BOTTOM OF THE 5TH
Kennesaw Jets batting - Pitching for Hogsmeade Cauldrons : RHP Juan Cantú
Batting: RHB Andrés Sánchez 0-0: Swinging Strike
0-1: Swinging Strike
0-2: Ball
1-2: Foul Ball, location: 2F
1-2: Foul Ball, location: 2F
1-2: Ball
2-2: Foul Ball, location: 2F
2-2: Ball
3-2: Foul Ball, location: 2F
3-2: Base on Balls
Batting: RHB Raúl Javier Jr. 0-0: Called Strike
0-1: Ball
1-1: Ball
2-1: Swinging Strike
2-2: Ball
3-2: Base on Balls
Andrés Sánchez to second
Batting: RHB Carlos Ávila 0-0: Ball
1-0: Bunted foul
1-1: Bunted foul
1-2: Ball
2-2: Foul Ball, location: 2F
2-2: Ball
3-2: Foul Ball, location: 2F
3-2: SINGLE (Line Drive, 89S)
Andrés Sánchez to third
Raúl Javier Jr. to second
Batting: LHB Jim Unknown 0-0: Ball
1-0: Ball
2-0: Called Strike
2-1: Foul Ball, location: 2F
2-2: Fielders Choice at 2nd, 6-4 (Groundball, 6M)
Andrés Sánchez scores
Raúl Javier Jr. to third
Batting: LHB Jim Unknown 0-0: Foul Ball, location: 2F
0-1: Ball
1-1: Fly out, F9 (Flyball, 9LM)
Runner from 3rd tags up, SCORES, throw made
Batting: RHB Miguel Angel González 0-0: Ball
1-0: Fly out, F6 (Popup, 6MS)
Bottom of the 5th over - 2 run(s), 1 hit(s), 0 error(s), 1 left on base; Hogsmeade 0 - Kennesaw 2
TOP OF THE 6TH
Hogsmeade Cauldrons batting - Pitching for Kennesaw Jets : RHP Claudio Díaz
Batting: RHB Jim Unknown 0-0: Ground out 5-3 (Groundball, 5)
Batting: SHB Arturo Romero 0-0: Foul Ball, location: 2F
0-1: Ball
1-1: Ball
2-1: Called Strike
2-2: Foul Ball, location: 2F
2-2: Foul Ball, location: 2F
2-2: Strikes out swinging
Batting: SHB Emílio Gonzáles 0-0: Ball
1-0: Fly out, F7 (Popup, 7LSF)
Top of the 6th over - 0 run(s), 0 hit(s), 0 error(s), 0 left on base; Hogsmeade 0 - Kennesaw 2
BOTTOM OF THE 6TH
Kennesaw Jets batting - Pitching for Hogsmeade Cauldrons : RHP Juan Cantú
Batting: RHB Juan Sandoval 0-0: Called Strike
0-1: Foul Ball, location: 2F
0-2: Ball
1-2: Ball
2-2: Foul Ball, location: 2F
2-2: Foul Ball, location: 2F
2-2: Foul Ball, location: 2F
2-2: Strikes out looking
Batting: RHB José Ramos 0-0: Swinging Strike
0-1: Ball
1-1: Swinging Strike
1-2: Strikes out swinging
Batting: RHB Abdul-Fattah bin Najjar 0-0: Foul Ball, location: 2F
0-1: Called Strike
0-2: Foul Ball, location: 2F
0-2: Foul Ball, location: 2F
0-2: Ball
1-2: Ground out 5-3 (Groundball, 56)
Bottom of the 6th over - 0 run(s), 0 hit(s), 0 error(s), 0 left on base; Hogsmeade 0 - Kennesaw 2
TOP OF THE 7TH
Hogsmeade Cauldrons batting - Pitching for Kennesaw Jets : RHP Claudio Díaz
Batting: RHB Héctor Cantú 0-0: Foul Ball, location: 2F
0-1: Fly out, F3 (Popup, 23F)
Batting: SHB Fernando Sánchez 0-0: Ball
1-0: Foul Ball, location: 2F
1-1: Called Strike
1-2: Strikes out looking
Batting: RHB Raúl Reyna 0-0: Fly out, F9 (Flyball, 9M)
Top of the 7th over - 0 run(s), 0 hit(s), 0 error(s), 0 left on base; Hogsmeade 0 - Kennesaw 2
BOTTOM OF THE 7TH
Kennesaw Jets batting - Pitching for Hogsmeade Cauldrons : RHP Juan Cantú
Batting: RHB Andrés Sánchez 0-0: Ball
1-0: Ball
2-0: SINGLE (Groundball, 56D)
Pitching: RHP Javier Pérez
Batting: RHB Raúl Javier Jr. 0-0: Bunted foul
0-1: Sac Bunt - play at first, batter OUT! 4-3
Andrés Sánchez to second
Batting: RHB Carlos Ávila 0-0: Ball
1-0: Ground out 6-3 (Groundball, 6)
Batting: LHB Jim Unknown 0-0: Ball
1-0: Foul Ball, location: 2F
1-1: Called Strike
1-2: Fly out, F8 (Flyball, 8RM)
Bottom of the 7th over - 0 run(s), 1 hit(s), 0 error(s), 1 left on base; Hogsmeade 0 - Kennesaw 2
TOP OF THE 8TH
Hogsmeade Cauldrons batting - Pitching for Kennesaw Jets : RHP Claudio Díaz
Batting: RHB Ernesto Souza 0-0: Ball
1-0: Foul Ball, location: 2F
1-1: Foul Ball, location: 2F
1-2: Strikes out swinging
Batting: RHB Reynaldo Pérez 0-0: Called Strike
0-1: Foul Ball, location: 2F
0-2: Ball
1-2: Ball
2-2: Strikes out swinging
Batting: RHB Miguel Torres 0-0: Foul Ball, location: 2F
0-1: Ball
1-1: Foul Ball, location: 2F
1-2: Ground out 1-3 (Groundball, 13S)
Top of the 8th over - 0 run(s), 0 hit(s), 0 error(s), 0 left on base; Hogsmeade 0 - Kennesaw 2
BOTTOM OF THE 8TH
Kennesaw Jets batting - Pitching for Hogsmeade Cauldrons : RHP Javier Pérez
Batting: LHB Jim Unknown 0-0: Ball
1-0: Ball
2-0: Ball
3-0: Called Strike
3-1: Called Strike
3-2: Fly out, F7 (Flyball, 7LS)
Batting: RHB Miguel Angel González 0-0: Called Strike
0-1: Called Strike
0-2: Strikes out swinging
Batting: RHB Juan Sandoval 0-0: Called Strike
0-1: DOUBLE (Flyball, 78M)
Batting: RHB José Ramos 0-0: Ball
1-0: Ground out 6-3 (Groundball, 6)
Bottom of the 8th over - 0 run(s), 1 hit(s), 0 error(s), 1 left on base; Hogsmeade 0 - Kennesaw 2
TOP OF THE 9TH
Hogsmeade Cauldrons batting - Pitching for Kennesaw Jets : RHP Claudio Díaz
Batting: RHB Jim Unknown 0-0: Called Strike
0-1: Swinging Strike
0-2: DOUBLE (Flyball, 89M)
Pinch Hitting: RHB Jim Unknown 0-0: Ball
1-0: Ball
2-0: Called Strike
2-1: Called Strike
2-2: Foul Ball, location: 2F
2-2: Foul Ball, location: 2F
2-2: Ball
3-2: Fly out, F7 (Flyball, 78S)
Pitching: RHP Earnest Hunt
Batting: SHB Emílio Gonzáles 0-0: Called Strike
0-1: Ball
1-1: Called Strike
1-2: Ball
2-2: Ball
3-2: Foul Ball, location: 2F
3-2: Base on Balls
Batting: RHB Héctor Cantú 0-0: Swinging Strike
0-1: Grounds into double play, 6-4-3 (Groundball, 6)
Top of the 9th over - 0 run(s), 1 hit(s), 0 error(s), 1 left on base; Hogsmeade 0 - Kennesaw 2
This league is powered by Out of the Park Baseball, the baseball management simulation game for PC, Mac and Linux
Friday, January 22nd, 2016 - OOTP Baseball 16.9 Build 39